[Event "*** Titled Tuesday Blitz"]
[Site "Chess.com"]
[Date "2020.05.12"]
[Round "3"]
[White "DryCounty"]
[Black "14Sokol88"]
[Result "1/2-1/2"]
[WhiteElo "2621"]
[BlackElo "2383"]
[TimeControl "180+1"]
[EndTime "10:26:37 PDT"]
[Termination "Game drawn by repetition"]

1. e4 c5 2. Nf3 e6 3. d4 cxd4 4. Nxd4 a6 5. Nc3 b5 6. Bd3 Bb7 7. O-O d6 8. a4 b4 9. Na2 a5 10. c3 bxc3 11. Nxc3 Nf6 12. Qb3 Ba6 13. Bxa6 Nxa6 14.
Qb7 Nc5 15. Qc6+ Nfd7 16. Ncb5 Rc8 17. Nxd6+ Bxd6 18. Qxd6 Nxe4 19. Qa3 Qe7 20. Qxe7+ Kxe7 21. f3 Nef6 22. b3 Nd5 23. Ba3+ Kf6 24. Nb5 Rc2 25.
Rac1 Rhc8 26. Nd6 Rxc1 27. Rxc1 Rxc1+ 28. Bxc1 Nc5 29. Bb2+ Kg6 30. Nc4 Nxb3 31. Ne5+ Kf6 32. Nc6+ Kg6 33. Ne5+ Kf6 34. Nc6+ Kg6 35. Ne5+ 1/2-1/2

[Event "*** Titled Tuesday Blitz"]
[Site "Chess.com"]
[Date "2020.05.12"]
[Round "3"]
[White "ViktoriyaTarasova"]
[Black "Rodchenkov_Vitalij"]
[Result "0-1"]
[WhiteElo "2202"]
[BlackElo "2439"]
[TimeControl "180+1"]
[EndTime "10:26:38 PDT"]
[Termination "Rodchenkov_Vitalij won by resignation"]

1. d4 d5 2. c4 c6 3. Nf3 Nf6 4.
Nc3 e6 5. Bg5 h6 6. Bxf6 Qxf6 7.
Qb3 Nd7 8. e4 dxe4 9. Nxe4 Qf4 10.
Bd3 Be7 11. O-O O-O 12. c5 Nf6 13. Nxf6+ Bxf6 14. Rad1 Rd8 15. Qc4 Bd7 16. Rfe1 Be8 17. Re4 Qc7 18. Bb1 Rd5 19. Qc2 g6 20. a3 Bg7 21. Ba2 Rdd8 22. Rde1 b6 23. b4 a5 24. Ne5 axb4 25. axb4 bxc5 26. bxc5 Qa5 27. R1e2 Bxe5 28. dxe5 Qxa2 0-1

[Event "*** Titled Tuesday Blitz"]
[Site "Chess.com"]
[Date "2020.05.12"]
[Round "3"]
[White "RobertoJBM"]
[Black "Raja3401"]
[Result "0-1"]
[WhiteElo "2587"]
[BlackElo "2776"]
[TimeControl "180+1"]
[EndTime "10:26:40 PDT"]
[Termination "Raja3401 won by resignation"]

1. d4 Nf6 2. c4 e6 3. Nc3 Bb4 4. Qc2 O-O 5. a3 Bxc3+ 6. Qxc3 d5 7. Nf3 dxc4 8. Qxc4 b6 9. Bg5 Ba6 10. Qa4 h6 11. Bh4 c5 12. e3 Bxf1 13. Kxf1 cxd4 14.
Qxd4 g5 15. Bg3 Nc6 16. Qxd8 Rfxd8 17. Ke2 Na5 18. Be5 Ne4 19. Rad1 Nc4 20. Bd4 Rd5 21. a4 e5 22. Bc3 Nxc3+ 23. bxc3 Rad8 24. h4 g4 25. Nh2 Rd2+ 26. Rxd2 Rxd2+ 27. Ke1 Ra2 28. Rf1 h5 29. f3 g3 0-1

[Event "*** Titled Tuesday Blitz"]
[Site "Chess.com"]
[Date "2020.05.12"]
[Round "3"]
[White "Caisachess"]
[Black "tioloko"]
[Result "0-1"]
[WhiteElo "2307"]
[BlackElo "2615"]
[TimeControl "180+1"]
[EndTime "10:26:41 PDT"]
[Termination "tioloko won by resignation"]

1. e4 c6 2. d4 d5 3. exd5 cxd5 4. c4 Nf6 5. Nc3 e6 6. Nf3 Nc6 7. cxd5 Nxd5 8. Bd3 Bb4 9. Bd2 O-O 10. O-O b6 11. Rc1 Bb7 12. Qe2 Rc8 13. Rfd1 Be7 14. Qe4 g6 15. Bh6 Re8 16. Qg4 Ncb4 17. Bb1 Nxc3 18.
bxc3 Nd5 19. c4 Nf6 20. Qh3 Qc7 21. Ne5 Nd7 22. Nxd7 Qxd7 23. d5 Red8 24. d6 Bxd6 25. Bf4 Qe7 26. Bh6 Be5 27. Rxd8+ Rxd8 28. Qe3 Bf6 29.
Bf4 Qd7 30. h3 Qc6 31. Qg3 Bh4 32. Qg4 h5 33. Qg3 0-1

[Event "*** Titled Tuesday Blitz"]
[Site "Chess.com"]
[Date "2020.05.12"]
[Round "3"]
[White "Lion-Al-Messi"]
[Black "Sychev_Klementy"]
[Result "0-1"]
[WhiteElo "2448"]
[BlackElo "2850"]
[TimeControl "180+1"]
[EndTime "10:26:41 PDT"]
[Termination "Sychev_Klementy won by resignation"]

1. e4 e5 2. Nf3 Nc6 3. Bb5 a6 4. Ba4 Nf6 5. O-O b5 6. Bb3 Bc5 7. c3 d6 8. d4 Bb6 9. a4 Rb8 10.
axb5 axb5 11. Na3 O-O 12. Nxb5 Bg4 13. Bg5 h6 14. Bxf6 Qxf6 15. Bd5 Ne7 16. dxe5 dxe5 17. Bc4 Rbd8 18. Qe2 Ng6 19. Rfe1 Nh4 20. Qf1 Nxf3+ 21. gxf3 Bxf3 22. Qh3 Bxf2+ 23. Kf1 Bxe1 24. Kxe1 Qf4 25. Qg3 Qe3+ 26. Kf1 Rd2 27. Re1 Bg2+ 28. Qxg2 Qxe1+ 29. Kxe1 Rxg2 30. Bd5 Rxb2 31. h4 Rxb5 0-1

[Event "*** Titled Tuesday Blitz"]
[Site "Chess.com"]
[Date "2020.05.12"]
[Round "3"]
[White "Paralinch"]
[Black "DenisQ"]
[Result "1-0"]
[WhiteElo "2885"]
[BlackElo "2646"]
[TimeControl "180+1"]
[EndTime "10:26:44 PDT"]
[Termination "Paralinch won by resignation"]

1. e4 c6 2. d4 d5 3. Nd2 dxe4 4. Nxe4 Bf5 5. Ng3 Bg6 6. h4 h6 7. Nf3 Nf6 8. h5 Bh7 9. Bd3 Bxd3 10. Qxd3 e6 11. Bd2 Nbd7 12. O-O-O Be7 13. Kb1 O-O 14. Ne4 Nxe4 15. Qxe4 Nf6 16. Qe2 Qd5 17. Ne5 Qxd4 18. Bxh6 Qe4 19. Qxe4 Nxe4 20. Be3 Rfd8 21. c4 Bc5 22.
Bxc5 Nxc5 23. f3 f6 24. Ng6 Kf7 25. Kc2 e5 26. g4 Ne6 27. Kc3 Rd4 28. Rxd4 Nxd4 29.
Rf1 Rd8 30. Rf2 Ne6 31. Rd2 Rd4 32. Nh4 Rxd2 33. Kxd2 Nd4 34. Kd3 a5 35. Ke4 Ke6 36. f4 1-0

[Event "*** Titled Tuesday Blitz"]
[Site "Chess.com"]
[Date "2020.05.12"]
[Round "3"]
[White "Gajuchess"]
[Black "tsvet2005"]
[Result "0-1"]
[WhiteElo "2696"]
[BlackElo "2491"]
[TimeControl "180+1"]
[EndTime "10:26:44 PDT"]
[Termination "tsvet2005 won by resignation"]

1. Nf3 d5 2. g3 c6 3. Bg2 Bg4 4. O-O Nd7 5. c4 e6 6. d3 Ngf6 7. h3 Bh5 8. cxd5 cxd5 9. Nc3 Be7 10. g4 Bg6 11. g5 Nh5 12. h4 O-O 13. Bd2 a6 14. d4 Rc8 15. Re1 Qc7 16. e4 dxe4 17.
Nxe4 Nf4 18. Rc1 Qb8 19. Rxc8 Rxc8 20. Ne5 Nxg2 21. Nxd7 Qc7 22. Ndf6+ gxf6 23. gxf6 Nxe1 24. fxe7 Bxe4 25. Qg4+ Bg6 26. h5 Qxe7 27. hxg6 hxg6 0-1

[Event "*** Titled Tuesday Blitz"]
[Site "Chess.com"]
[Date "2020.05.12"]
[Round "3"]
[White "GrafLermontov"]
[Black "Meri-Arabidze"]
[Result "0-1"]
[WhiteElo "2375"]
[BlackElo "2570"]
[TimeControl "180+1"]
[EndTime "10:26:44 PDT"]
[Termination "Meri-Arabidze won by resignation"]

1. d4 d5 2. c4 e6 3. Nc3 Nf6 4. cxd5 exd5 5. Bg5 Nbd7 6. e3 Be7 7. Bd3 c6 8. Qc2 Nf8 9. Nf3 Ne6 10. Bh4 g6 11.
O-O O-O 12. Rab1 a5 13. a3 Ng7 14. b4 axb4 15. axb4 Bf5 16. b5 Bxd3 17. Qxd3 Nf5 18. Bxf6 Bxf6 19. bxc6 bxc6 20. Rfc1 Ra3 21. Qc2 Qa8 22. Ne2 Rc8 23. h3 Nd6 24. Nd2 Be7 25.
Nf4 Qa6 26. Rb3 Ra2 27. Rb2 Rxb2 28. Qxb2 Nb5 29. Nxd5 Ba3 30. Qa2 cxd5 31. Rxc8+ Qxc8 32. Qxd5 Qc1+ 33. Nf1 Nc3 34. Qf3 Qe1 35. Qa8+ Kg7 36. Qf3 Ne2+ 37. Kh2 Qxf1 0-1

[Event "*** Titled Tuesday Blitz"]
[Site "Chess.com"]
[Date "2020.05.12"]
[Round "3"]
[White "ZarinaShafigullina"]
[Black "Kate1606"]
[Result "1-0"]
[WhiteElo "2316"]
[BlackElo "2057"]
[TimeControl "180+1"]
[EndTime "10:26:45 PDT"]
[Termination "ZarinaShafigullina won by checkmate"]

1. d4 d6 2. Nf3 g6 3. g3 Bg7 4.
Bg2 Nf6 5. O-O O-O 6. c4 Nbd7 7. Nc3 c6 8. e4 Qe8 9. d5 c5 10. Re1 Qd8 11. h3 h6 12. g4 Rb8 13. Bf4 Ne8 14.
Qd2 Kh7 15. Bg3 a6 16. a4 Nc7 17. e5 dxe5 18. Nxe5 Nxe5 19. Bxe5 Bxe5 20. Rxe5 b5 21. axb5 axb5 22. cxb5 Nxb5 23. Nxb5 Rxb5 24. Bf1 Rb4 25. Ra7 Rd4 26. Qe3 Rxd5 27. Rexe7 Kg7 28. Qc3+ Kg8 29. Qf6 Be6 30. Qxg6+ Kh8 31. Qxh6+ Kg8 32. Rxe6 fxe6 33. Qg7# 1-0

[Event "*** Titled Tuesday Blitz"]
[Site "Chess.com"]
[Date "2020.05.12"]
[Round "3"]
[White "rasmussvane"]
[Black "walkingcreep"]
[Result "0-1"]
[WhiteElo "2898"]
[BlackElo "2669"]
[TimeControl "180+1"]
[EndTime "10:26:46 PDT"]
[Termination "walkingcreep won by resignation"]

1. Nf3 Nf6 2. g3 g6 3. Bg2 Bg7 4. O-O O-O 5. d4 d6 6. Re1 c5 7. dxc5 dxc5 8. c3 Nc6 9. Qxd8 Rxd8 10. Be3 c4 11. Na3 Nd5 12. Rad1 Nxe3 13. Rxd8+ Nxd8 14. fxe3 Rb8 15. Nd4 e5 16. Ndb5 a6 17. Nd6 b5 18. Nxc8 Rxc8 19. Rd1 f5 20. Rd6 e4 21. Rxa6 Bh6 22. Kf2 Rb8 23. Ra5 b4 24. Nxc4 bxc3 25. bxc3 Rc8 26. Nd6 Rxc3 27. Ra8 Bxe3+ 0-1

[Event "*** Titled Tuesday Blitz"]
[Site "Chess.com"]
[Date "2020.05.12"]
[Round "3"]
[White "Filip_Covic"]
[Black "GHANDEEVAM2003"]
[Result "0-1"]
[WhiteElo "2456"]
[BlackElo "2926"]
[TimeControl "180+1"]
[EndTime "10:26:46 PDT"]
[Termination "GHANDEEVAM2003 won by resignation"]

1. Nf3 Nf6 2. b3 g6 3. Bb2 Bg7 4. c4 O-O 5. g3 c6 6. Bg2 d5 7. d3 Re8 8. O-O a5 9. a3 Na6 10. Nbd2 Bf5 11. Qc2 Rc8 12. c5 Qc7 13. Be5 Qd7 14.
e4 Bh3 15. Rab1 Rcd8 16. Rfd1 Qg4 17. exd5 Bxg2 18. Kxg2 Nxd5 19. d4 f6 20. h3 Qh5 21.
g4 Qh6 22. Bg3 Nac7 23. Nc4 Ne6 24. h4 Rf8 25. Nxa5 f5 26. g5 Qh5 27. Qd2 f4 28. Qe2 Qg4 29. Nxb7 fxg3 30. Nxd8 Nef4+ 0-1

[Event "*** Titled Tuesday Blitz"]
[Site "Chess.com"]
[Date "2020.05.12"]
[Round "3"]
[White "chito89"]
[Black "ZEN-22"]
[Result "1-0"]
[WhiteElo "2741"]
[BlackElo "2430"]
[TimeControl "180+1"]
[EndTime "10:26:46 PDT"]
[Termination "chito89 won by resignation"]

1. e4 c5 2. Nf3 e6 3. g3 d5 4. exd5 exd5 5. d4 Nc6 6. Bg2 Bg4 7. O-O Nf6 8. Re1+ Be7 9. dxc5 O-O 10. h3 Bxf3 11. Bxf3 Bxc5 12. Nc3 Re8 13. Rxe8+ Qxe8 14. Nxd5 Nxd5 15. Bxd5 Rd8 16. Bf4 Nb4 17. c4 Nxd5 18. cxd5 Qe4 19. d6 h6 20. Rc1 b6 21. Qd2 Rd7 22. Re1 Qf5 23. h4 g5 24. hxg5 hxg5 25. Re8+ Kh7 26. Be5 f6 27. Qe2 Qxf2+ 28. Qxf2 Bxf2+ 29.
Kxf2 fxe5 30. Re7+ 1-0

[Event "*** Titled Tuesday Blitz"]
[Site "Chess.com"]
[Date "2020.05.12"]
[Round "3"]
[White "Al_Shima"]
[Black "the_drake"]
[Result "1-0"]
[WhiteElo "2441"]
[BlackElo "2204"]
[TimeControl "180+1"]
[EndTime "10:26:47 PDT"]
[Termination "Al_Shima won by resignation"]

1. b3 Nf6 2. Bb2 g6 3. Bxf6 exf6 4. c4 Bg7 5. Nc3 O-O 6. g3 f5 7. Bg2 c6 8. e3 d5 9. cxd5 cxd5 10. d4 Nc6 11. Nxd5 Re8 12. Ne2 Be6 13. Ndc3 Nb4 14. Bxb7 Bd5 15. Nxd5 Nxd5 16. Bxa8 Qxa8 17. O-O g5 18.
Rc1 f4 19. exf4 gxf4 20. Nxf4 Nxf4 21. gxf4 Re6 22. f5 Re4 23. Qf3 Qe8 24. Rc8 Qxc8 25. Qxe4 h6 26. Kh1 Qd7 27. Rg1 Kh8 28. Qg2 Qxd4 29. Qxg7+ Qxg7 30. Rxg7 Kxg7 31. Kg2 Kf6 32. Kg3 Kxf5 33. b4 f6 34. a4 Ke5 35. b5 Kd5 36. a5 Kc5 37. b6 axb6 38. axb6 Kxb6 39. Kf4 Kc6 40. Kf5 Kd5 41. Kxf6 Ke4 42. h4 Kf3 43. h5 Kxf2 44. Kg6 Kf3 45. Kxh6 Ke4 46. Kg6 Ke5 47. h6 1-0

[Event "*** Titled Tuesday Blitz"]
[Site "Chess.com"]
[Date "2020.05.12"]
[Round "3"]
[White "smshk35"]
[Black "Escanor89"]
[Result "1-0"]
[WhiteElo "2401"]
[BlackElo "2568"]
[TimeControl "180+1"]
[EndTime "10:26:48 PDT"]
[Termination "smshk35 won by resignation"]

1. e4 c5 2. Nf3 d6 3. d4 cxd4 4. Nxd4 Nf6 5. Nc3 a6 6. Bc4 e6 7. Bb3 b5 8. O-O Be7 9. Qf3 Qc7 10. Qg3 O-O 11. Bh6 Ne8 12. Kh1 Bd7 13. f4 Nc6 14. Nxc6 Bxc6 15. f5 Kh8 16. fxe6 gxh6 17. exf7 Ng7 18.
Nd5 Qd8 19. Rad1 Rc8 20. c3 Bg5 21. Qd3 a5 22. Bc2 Rxf7 23. Rxf7 Qg8 24. Rdf1 Ne6 25. e5 Nc5 26. Rxh7+ 1-0

[Event "*** Titled Tuesday Blitz"]
[Site "Chess.com"]
[Date "2020.05.12"]
[Round "3"]
[White "NicoChasin"]
[Black "Chesstrainer1"]
[Result "1-0"]
[WhiteElo "2642"]
[BlackElo "2405"]
[TimeControl "180+1"]
[EndTime "10:26:49 PDT"]
[Termination "NicoChasin won by resignation"]

1. e4 c5 2. Nf3 e6 3. d4 cxd4 4.
Nxd4 Nf6 5. Nc3 d6 6. g4 h6 7. f3 a6 8. Be3 b5 9. Qd2 b4 10. Nd1 e5 11. Nb3 d5 12. exd5 Nxd5 13. Bc4 Be6 14. Nc5 Bxc5 15. Bxc5 Nf4 16. Qxd8+ Kxd8 17. Bxe6 Nxe6 18. Bxb4 Nd4 19. Ne3 Nxf3+ 20. Kf2 Nd4 21. Rad1 Kc8 22. Nd5 Kb7 23. c3 Ne6 24. Ne3 Rd8 25. Rxd8 Nxd8 26. Rd1 Nbc6 27. Ba3 Rc8 28.
Nf5 Rc7 29. Nxg7 Ne6 30. Ne8 1-0

[Event "*** Titled Tuesday Blitz"]
[Site "Chess.com"]
[Date "2020.05.12"]
[Round "3"]
[White "sergeikim"]
[Black "Bagirova"]
[Result "1-0"]
[WhiteElo "2410"]
[BlackElo "2179"]
[TimeControl "180+1"]
[EndTime "10:26:49 PDT"]
[Termination "sergeikim won by resignation"]

1. d4 d5 2. c4 e6 3. Nc3 a6 4.
cxd5 exd5 5. Nf3 Nf6 6. Bf4 Be6 7. e3 Bd6 8. Bg5 Nbd7 9. Bd3 c6 10. O-O Qc7 11. h3 h6 12. Bxf6 Nxf6 13. Rc1 O-O 14.
Bb1 Rfe8 15. Qd3 Rac8 16. Rfe1 c5 17. dxc5 Qxc5 18. Nd4 Qa7 19. Nf5 Bxf5 20. Qxf5 d4 21. Nd5 Nxd5 22. Rxc8 Nf6 23. Rxe8+ Nxe8 24. exd4 Nf6 25.
Qc8+ Bf8 26. Qc4 b5 27. Qd3 Qd7 28. d5 Qxd5 29. Qxd5 Nxd5 30. Re8 a5 31. Rb8 Nc7 32. Bd3 g6 33. Bxb5 Kg7 34. Bc4 Bc5 35. Rb7 Bd6 36.
a3 a4 37. b4 axb3 38. Bxb3 Kf6 39. a4 Ne6 40. Bxe6 fxe6 41. a5 1-0

[Event "*** Titled Tuesday Blitz"]
[Site "Chess.com"]
[Date "2020.05.12"]
[Round "3"]
[White "Ladislav1969"]
[Black "baby_leo"]
[Result "1-0"]
[WhiteElo "2332"]
[BlackElo "2085"]
[TimeControl "180+1"]
[EndTime "10:26:49 PDT"]
[Termination "Ladislav1969 won on time"]

1. e4 c6 2. d4 d5 3. e5 Bf5 4. Nd2 e6 5. Nb3 Nd7 6. f4 h6 7. Be3 Ne7 8. Nf3 Ng6 9. g3 Be7 10. Be2 O-O 11. O-O b6 12. c4 f6 13. Rc1 fxe5 14. dxe5 Kh8 15. Nfd4 Rc8 16. Nxf5 exf5 17. cxd5 cxd5 18. Qxd5 Nc5 19. Qxd8 Rfxd8 20. Nd4 Rf8 21. b4 Ne4 22. Nc6 Kg8 23. b5 a6 24. Nxe7+ Nxe7 25. bxa6 Nc5 26. Bxc5 bxc5 27. Rfd1 1-0

[Event "*** Titled Tuesday Blitz"]
[Site "Chess.com"]
[Date "2020.05.12"]
[Round "3"]
[White "okriak"]
[Black "Jbd735"]
[Result "1-0"]
[WhiteElo "2793"]
[BlackElo "2436"]
[TimeControl "180+1"]
[EndTime "10:26:52 PDT"]
[Termination "okriak won on time"]

1. Nf3 d5 2. c4 c6 3. e3 e6 4. Nc3 Nf6 5. b3 Nbd7 6. Bb2 Bd6 7. d4 O-O 8. Bd3 Qe7 9. Qc2 dxc4 10. bxc4 e5 11. O-O Re8 12. c5 Bc7 13. Ne4 exd4 14. Nxf6+ Nxf6 15. Nxd4 Ne4 16. h3 Bd7 17. Rac1 Rad8 18.
Rfd1 Bc8 19. Nf3 Bf5 20. Bd4 Qe6 21. Bc4 Qh6 22. Be5 Bxe5 23. Nxe5 Rxd1+ 24. Rxd1 Nd6 25. cxd6 Bxc2 26. d7 Rd8 27. Nxf7 Bxd1 28. Nxd8+ Kf8 29. Ne6+ Qxe6 30. d8=Q+ 1-0

[Event "*** Titled Tuesday Blitz"]
[Site "Chess.com"]
[Date "2020.05.12"]
[Round "3"]
[White "Kobalia"]
[Black "awesomevishesh"]
[Result "1-0"]
[WhiteElo "2786"]
[BlackElo "2433"]
[TimeControl "180+1"]
[EndTime "10:26:54 PDT"]
[Termination "Kobalia won on time"]

1. e4 c5 2. Nf3 d6 3. Bb5+ Nd7 4. O-O a6 5. Bd3 Ngf6 6. c3 e6 7. Bc2 b5 8. d4 cxd4 9. cxd4 Bb7 10. Qe2 Be7 11.
Re1 O-O 12. Nbd2 Rc8 13. Nf1 Re8 14. Ng3 Bf8 15. Bd3 Nb6 16. b3 g6 17. Bd2 Qe7 18.
a4 bxa4 19. bxa4 d5 20. e5 Ne4 21. Nxe4 dxe4 22. Bxe4 Bxe4 23. Qxe4 Nd5 24. Qd3 Qa7 25. Ng5 Red8 26. Qh3 h6 27. Nf3 Kh7 28. Re4 Rc2 29. Bxh6 Bxh6 30. Rh4 Kg7 31. Rxh6 1-0

[Event "*** Titled Tuesday Blitz"]
[Site "Chess.com"]
[Date "2020.05.12"]
[Round "3"]
[White "thedjoker98"]
[Black "Konek-Gorbunok"]
[Result "1-0"]
[WhiteElo "2476"]
[BlackElo "2160"]
[TimeControl "180+1"]
[EndTime "10:26:54 PDT"]
[Termination "thedjoker98 won by checkmate"]

1. d4 d5 2. c4 e6 3. Nc3 c6 4. e4 dxe4 5. Nxe4 Bb4+ 6. Nc3 c5 7. Nf3 Nf6 8. a3 Ba5 9. Be3 Nc6 10. dxc5 Bxc3+ 11. bxc3 Qa5 12. Be2 Ng4 13. Bf4 e5 14. Bd2 Qxc5 15. O-O O-O 16. h3 Nf6 17. Be3 Qa5 18.
Qb3 b6 19. Qb5 Bb7 20. c5 Nd5 21. Qxa5 Nxa5 22. cxb6 Nxe3 23. fxe3 axb6 24. Nxe5 Rfe8 25. Nc4 Nxc4 26. Bxc4 Re7 27. Rab1 Rxa3 28. Rxb6 Rxc3 29. Bb3 Rcxe3 30. Rxf7 Rxf7 31. Rxb7 Re1+ 32. Kh2 Rf1 33. Rb8# 1-0

[Event "*** Titled Tuesday Blitz"]
[Site "Chess.com"]
[Date "2020.05.12"]
[Round "3"]
[White "MusicCityMaster"]
[Black "mariangie523"]
[Result "1-0"]
[WhiteElo "2315"]
[BlackElo "2048"]
[TimeControl "180+1"]
[EndTime "10:26:54 PDT"]
[Termination "MusicCityMaster won by checkmate"]

1. e4 c5 2. Nf3 d6 3. d4 cxd4 4. Nxd4 Nf6 5. Nc3 g6 6. Be3 Bg7 7. f3 O-O 8. Qd2 Nc6 9. Bc4 Nd7 10. h4 Nb6 11. Bb3 Na5 12. Qe2 e5 13. Ndb5 a6 14. Na3 Nxb3 15. axb3 f5 16. Nc4 Nxc4 17. Qxc4+ Rf7 18.
O-O-O f4 19. Bf2 Bf8 20. h5 b5 21. Qd5 Bb7 22. Qe6 Qd7 23. Qxd7 Rxd7 24. hxg6 hxg6 25. Bh4 Bc6 26. Bf6 Rf7 27. Rh8# 1-0

[Event "*** Titled Tuesday Blitz"]
[Site "Chess.com"]
[Date "2020.05.12"]
[Round "3"]
[White "AlexTriapishko"]
[Black "AlleyOoper"]
[Result "1/2-1/2"]
[WhiteElo "2768"]
[BlackElo "2595"]
[TimeControl "180+1"]
[EndTime "10:26:55 PDT"]
[Termination "Game drawn by agreement"]

1. e4 c6 2. d4 d5 3. exd5 cxd5 4. Bd3 Nf6 5. c3 Nc6 6. h3 g6 7. Nf3 Bf5 8. O-O Bxd3 9. Qxd3 Bg7 10. Re1 O-O 11.
Nbd2 Rc8 12. Nf1 Qd7 13. Ng3 Rfe8 14. Ne5 Qc7 15. Bf4 Qb6 16. Re2 e6 17. Rae1 Nxe5 18. Bxe5 Qa6 19. Qxa6 bxa6 20. Nf1 Rc6 21. Nd2 a5 22.
Nb3 a4 23. Nc5 a3 24. b4 Ne4 25. Bxg7 Kxg7 26. Nxe4 dxe4 27. Rxe4 Rxc3 28. R4e3 Rec8 29. b5 R8c4 30. g3 Rc1 31. Rxc1 Rxc1+ 32. Kg2 Rb1 33. Rxa3 Rxb5 34. Rxa7 Rb4 35. a4 Rxd4 36. a5 Ra4 37. a6 h5 38. h4 Ra3 39. Kf1 Ra2 1/2-1/2

[Event "*** Titled Tuesday Blitz"]
[Site "Chess.com"]
[Date "2020.05.12"]
[Round "3"]
[White "Mbneu"]
[Black "nabukatnezarr"]
[Result "0-1"]
[WhiteElo "2247"]
[BlackElo "2510"]
[TimeControl "180+1"]
[EndTime "10:26:55 PDT"]
[Termination "nabukatnezarr won by resignation"]

1. d4 e6 2. c4 f5 3. g4 fxg4 4.
h3 g3 5. fxg3 Nf6 6. Nf3 c5 7. d5 exd5 8. cxd5 d6 9. Nc3 g6 10.
Bg2 Bg7 11. O-O O-O 12. Ng5 Qe7 13. Ne6 Bxe6 14. dxe6 Nc6 15. Bg5 Kh8 16. Bd5 h6 17.
Rxf6 Rxf6 18. Bxf6 Qxf6 19. Ne4 Qe5 20. Qd2 Nd4 21.
Bxb7 Rb8 22. Ba6 Rxb2 23. Qf4 Qxe6 24. Rf1 Rxe2 25. Nxd6 Rxa2 26. Nf7+ Kh7 27. Bd3 Ne2+ 28. Bxe2 Qxe2 29. Rf2 Qxf2+ 30. Qxf2 Rxf2 31. Kxf2 a5 0-1

[Event "*** Titled Tuesday Blitz"]
[Site "Chess.com"]
[Date "2020.05.12"]
[Round "3"]
[White "1977Ivan"]
[Black "vladislavkovalev"]
[Result "0-1"]
[WhiteElo "2648"]
[BlackElo "2905"]
[TimeControl "180+1"]
[EndTime "10:26:56 PDT"]
[Termination "vladislavkovalev won on time"]

1. e4 e5 2. Nf3 Nc6 3. c3 d5 4. Qa4 Nf6 5. d3 Bd6 6. Bg5 dxe4 7. dxe4 h6 8. Bh4 O-O 9. Nbd2 a6 10. Qc2 Qe7 11. Be2 Be6 12. Nc4 b5 13. Ne3 Bc5 14. Nd5 Bxd5 15. exd5 e4 16. Nd2 e3 17. fxe3 Ne5 18. e4 g5 19. Bg3 Neg4 20. Qd3 Ne3 21.
b4 Bb6 22. a4 Rfe8 23. h4 g4 24.
e5 Nfxd5 25. Ne4 Rad8 26. a5 Ba7 27. Rh2 Nxb4 0-1

[Event "*** Titled Tuesday Blitz"]
[Site "Chess.com"]
[Date "2020.05.12"]
[Round "3"]
[White "TudorAnton"]
[Black "gmelviro"]
[Result "1-0"]
[WhiteElo "2475"]
[BlackElo "2154"]
[TimeControl "180+1"]
[EndTime "10:26:56 PDT"]
[Termination "TudorAnton won by resignation"]

1. d4 e6 2. e4 d5 3. Nd2 Nf6 4. e5 Nfd7 5. f4 c5 6. Ngf3 Nc6 7. c3 Be7 8. Be2 Qb6 9. O-O O-O 10. Kh1 f6 11. dxc5 Nxc5 12. exf6 Bxf6 13. Nb3 Ne4 14. Qe1 Bd7 15. Bd3 Nd6 16. Be3 Qc7 17.
Nc5 Rae8 18. Qg3 Bc8 19. Rae1 b6 20. Nb3 a5 21. Nbd4 a4 22. Nxc6 Qxc6 23. Bd4 Ne4 24. Bxe4 dxe4 25. Ne5 Qb7 26. Nc4 Bxd4 27. cxd4 Qc6 28.
Ne5 Qd5 29. Rc1 Ba6 30. Rc7 g6 31. Nxg6 1-0

[Event "*** Titled Tuesday Blitz"]
[Site "Chess.com"]
[Date "2020.05.12"]
[Round "3"]
[White "vugarrasulov"]
[Black "Gennady_Kozlov"]
[Result "1-0"]
[WhiteElo "2790"]
[BlackElo "2594"]
[TimeControl "180+1"]
[EndTime "10:26:57 PDT"]
[Termination "vugarrasulov won by resignation"]

1. e4 e6 2. d4 d5 3. Nd2 dxe4 4. Nxe4 Nd7 5. g3 Ngf6 6. Nxf6+ Nxf6 7. Bg2 c6 8. Nf3 Bd6 9. O-O O-O 10. c4 Qc7 11.
Qe2 Re8 12. Bg5 Nd7 13. Rac1 b6 14. d5 Bb7 15. Qc2 cxd5 16. Nd4 a6 17. cxd5 Qxc2 18. Nxc2 exd5 19. Rfd1 Bc5 20. b4 Be7 21. Be3 b5 22.
Bxd5 Bxd5 23. Rxd5 Nf6 24. Rdd1 Rac8 25. a3 Rc3 26.
Bd4 Rc4 27. Ne3 Rxc1 28. Rxc1 Rd8 29. Nf5 Kf8 30. Rc6 a5 31. bxa5 Bxa3 32. a6 Ne4 33.
a7 Ra8 34. Rb6 1-0

[Event "*** Titled Tuesday Blitz"]
[Site "Chess.com"]
[Date "2020.05.12"]
[Round "3"]
[White "I_Hit_18K_on_BS"]
[Black "Andro2"]
[Result "0-1"]
[WhiteElo "2190"]
[BlackElo "2426"]
[TimeControl "180+1"]
[EndTime "10:26:57 PDT"]
[Termination "Andro2 won on time"]

1. e4 a6 2. d4 e6 3. Nc3 d5 4.
Nf3 Nf6 5. Bd3 c5 6. e5 Nfd7 7. Bg5 Qb6 8. dxc5 Bxc5 9. Na4 Bxf2+ 10. Kf1 Qc6 11. Kxf2 Qxa4 12. Rf1 Nc6 13. Qe2 h6 14. Bh4 Ncxe5 15. Nxe5 Qxh4+ 16. Kg1 Qd4+ 17. Qf2 Qxf2+ 18.
Rxf2 Nxe5 19. Re1 Nxd3 20. cxd3 O-O 21. d4 Bd7 22. Rc2 Rfc8 23. Rd2 Kf8 24. Kf2 Rc7 25. Ke3 Rac8 0-1

[Event "*** Titled Tuesday Blitz"]
[Site "Chess.com"]
[Date "2020.05.12"]
[Round "3"]
[White "Maybe00"]
[Black "WhiteCapital80"]
[Result "1-0"]
[WhiteElo "2838"]
[BlackElo "2447"]
[TimeControl "180+1"]
[EndTime "10:26:58 PDT"]
[Termination "Maybe00 won by resignation"]

1. d4 e6 2. c4 d5 3. Nf3 Nf6 4. Nc3 Be7 5. Bf4 O-O 6. a3 Nbd7 7. Nb5 Ne8 8. e3 a6 9. Nc3 dxc4 10. Bxc4 b5 11.
Ba2 Nef6 12. d5 exd5 13. Nxd5 Nxd5 14. Bxd5 Ra7 15. Nd4 Nb8 16. Nc6 Nxc6 17. Bxc6 Bb7 18. Bxb7 Rxb7 19. Qf3 Rb6 20. Rd1 Qc8 21. O-O c5 22.
Rd5 Rd8 23. Rfd1 Rxd5 24. Qxd5 h6 25. h3 c4 26. Be5 Qc6 27. Qd7 Qxd7 28. Rxd7 Bf6 29.
Bxf6 Rxf6 30. Kf1 Rc6 31. Ra7 g6 32. Ke2 Kg7 33. Kd2 Rd6+ 34. Kc3 Rd3+ 35. Kc2 Rd6 36. e4 g5 37. g3 Kf6 38. f4 gxf4 39. gxf4 Ke6 40. e5 Rc6 41. Kc3 f6 42. Rh7 Kd5 43.
Rxh6 fxe5 44. Rxc6 Kxc6 45. fxe5 Kd5 46. Kb4 Kxe5 47. h4 1-0

[Event "*** Titled Tuesday Blitz"]
[Site "Chess.com"]
[Date "2020.05.12"]
[Round "3"]
[White "Vesper2018"]
[Black "Micki-taryan"]
[Result "0-1"]
[WhiteElo "2233"]
[BlackElo "3059"]
[TimeControl "180+1"]
[EndTime "10:26:59 PDT"]
[Termination "Micki-taryan won by resignation"]

1. e4 e5 2. Nf3 Nc6 3. Bc4 Bc5 4. d3 Nf6 5. O-O O-O 6. c3 d6 7. Re1 h6 8. h3 a5 9. Nbd2 Be6 10. a4 Re8 11. Nf1 d5 12. exd5 Bxd5 13. Bb5 e4 14. dxe4 Bxe4 15. Be3 Qxd1 16. Raxd1 Bxf3 17. gxf3 Bd6 18. Ng3 Re6 19. Nf5 Ne5 20. Kg2 Rd8 21. f4 Ng6 22. Kf3 b6 23. Rg1 Nh5 24. Rd4 Rf6 25.
Nxd6 Rdxd6 26. Rxd6 Rxd6 27. f5 Ne5+ 28. Ke2 Kh7 29. f4 Nd7 30. Kf3 Nhf6 31. Bc4 Kg8 32.
Bd4 Kf8 33. Be5 Rd2 34. Rg2 Rxg2 35. Kxg2 Nxe5 36. fxe5 Nd7 37. e6 fxe6 38. Bxe6 Nc5 39. Bd5 Nxa4 40. Kf3 Nxb2 41. Ke4 Na4 42. Ke5 Nxc3 43.
Ke6 Nxd5 0-1